 Dungeon Crawl Stone Soup version 0.24.0-13-gcf9b3192b9 (webtiles) character file.

Game seed: 15364920961472784036, levelgen mode: classic

9268 EnegeticOcto the Cleaver (level 11, -4/97 HPs)
             Began as a Minotaur Fighter on Nov 8, 2019.
             Was an Initiate of Gozag.
             Slain by an orc warrior
             ... wielding a +0 hand axe
              (10 damage)
             ... on level 11 of the Dungeon.
             The game lasted 00:06:47 (10418 turns).

EnegeticOcto the Cleaver (Minotaur Fighter)        Turns: 10418, Time: 00:06:48

Health: -4/97      AC: 15    Str: 25    XL:     11   Next: 20%
Magic:  13/13      EV: 11    Int:  5    God:    Gozag
Gold:   1082       SH: 11    Dex:  9    Spells: 10/10 levels left

rFire    . . .     SeeInvis .   D - +3 broad axe (chop)
rCold    . . .     Gourm    .   c - +0 shield
rNeg     . . .     Faith    .   B - +0 plate armour
rPois    .         Spirit   .   (helmet restricted)
rElec    .         Reflect  .   k - scarf {repulsion}
rCorr    .         Harm     .   w - +0 pair of gloves
MR       .....                  (no boots)
Stlth    ..........             (no amulet)
HPRegen  0.26/turn              j - +2 ring of evasion
MPRegen  0.13/turn              (no ring)

@: gold aura, repel missiles
A: retaliatory headbutt, horns 2
a: Potion Petition, Call Merchant, Bribe Branch, Renounce Religion


You were on level 11 of the Dungeon.
You worshipped Gozag.
Gozag was most pleased with you.
You were not hungry.

You visited 1 branch of the dungeon, and saw 11 of its levels.

You collected 1889 gold pieces.
You spent 216 gold pieces at shops.
You paid 591 gold pieces to Gozag.

Inventory:

Hand Weapons
 D - a +3 broad axe of chopping (weapon)
Missiles
 y - a throwing net (quivered)
Armour
 c - a +0 shield (worn)
 k - a scarf of repulsion (worn)
 w - a +0 pair of gloves (worn)
 B - a +0 plate armour (worn)
Jewellery
 j - a +2 ring of evasion (left hand)
 n - an uncursed ring of protection from cold
Wands
 b - a wand of acid (13)
 u - a wand of iceblast (20)
 F - a wand of paralysis (7)
 G - a wand of flame (24)
Scrolls
 f - a scroll of enchant armour
 h - 5 scrolls of teleportation {@r3}
 l - 2 scrolls of fear
 q - 7 scrolls of remove curse {@r2}
 x - a scroll of blinking {@r4}
 z - a scroll of immolation
Potions
 d - 2 potions of might {@q3}
 g - a potion of mutation {unknown}
 i - a potion of berserk rage
 m - 3 potions of curing {@q1}
 o - 2 potions of brilliance
 s - a potion of resistance {unknown}
 t - a potion of haste {@q4}
 v - a potion of cancellation
 A - a potion of flight {unknown}
 C - a potion of invisibility {unknown}
 H - a potion of ambrosia {unknown}
 I - 2 potions of heal wounds {@q2}
Miscellaneous
 a - a lightning rod (3/4)
Comestibles
 e - 12 rations


   Skills:
 + Level 9.0 Fighting
 * Level 11.6 Axes
 + Level 9.0 Armour
 + Level 7.2 Dodging
 + Level 8.8 Shields
 + Level 5.0 Evocations


You had 10 spell levels left.
You didn't know any spells.
Your spell library was empty.

Dungeon Overview and Level Annotations

Branches:
Dungeon (11/15)            Temple (0/1) D:7            Lair (0/6) D:9
    Orc: D:9-12

Altars:
Cheibriados
Dithmenos
Elyvilon
Gozag
Hepliaklqana
Kikubaaqudgha
Makhleb
Nemelex Xobeh
Sif Muna
Trog
Uskayaw
Vehumet
Zin

Shops:
D:10 (


Innate Abilities, Weirdness & Mutations

You reflexively headbutt those who attack you in melee.
You have a pair of horns on your head.


Message History

The 11-headed hydra is no longer distracted by gold.
The 11-headed hydra is severely wounded.
The orc warrior is no longer distracted by gold.
The 11-headed hydra becomes distracted by the nearby gold, dreaming of imaginary riches.
The orc hits you but does no damage.
The 11-headed hydra roars!
You chop one of the 11-headed hydra's heads off!
The ten-headed hydra grows two more!
You slice the 12-headed hydra!!
The 12-headed hydra is no longer distracted by gold.
The 12-headed hydra is severely wounded.
You closely miss the orc.
The orc warrior becomes distracted by the nearby gold, dreaming of imaginary riches.
The 12-headed hydra closely misses you.
The 12-headed hydra bites you but does no damage.
The 12-headed hydra barely misses you.
The 12-headed hydra bites you but does no damage.
You block the 12-headed hydra's attack. x2
The 12-headed hydra bites you but does no damage. x2
The 12-headed hydra barely misses you. You block the 12-headed hydra's attack.
The 12-headed hydra bites you.
The 12-headed hydra bites you but does no damage.
The orc hits you.
The orc warrior shouts!
You slice one of the 12-headed hydra's heads off!
The 11-headed hydra grows two more!
You slice the 13-headed hydra!! You headbutt the 13-headed hydra.
The 13-headed hydra is almost dead.
You hit the orc.
The howler monkey is no longer distracted by gold.
The 13-headed hydra becomes distracted by the nearby gold, dreaming of imaginary riches.
The orc barely misses you.
The 13-headed hydra roars!
You lop one of the 13-headed hydra's heads off!
The 12-headed hydra grows two more!
You slash the 14-headed hydra!
The 14-headed hydra is no longer distracted by gold.
The 14-headed hydra is almost dead.
You hit the orc. You slash the kobold!
You kill the kobold!
You block the 14-headed hydra's attack. x2
The 14-headed hydra closely misses you.
The 14-headed hydra bites you but does no damage. x2
The 14-headed hydra misses you. The 14-headed hydra barely misses you.
The 14-headed hydra closely misses you. The 14-headed hydra bites you.
The 14-headed hydra closely misses you. The 14-headed hydra bites you.
The 14-headed hydra bites you! You block the 14-headed hydra's attack.
The 14-headed hydra bites you. The orc hits you but does no damage.
You block the 14-headed hydra's attack. The 14-headed hydra bites you!
The 14-headed hydra bites you but does no damage. x2
The 14-headed hydra bites you.
The 14-headed hydra bites you but does no damage. x3
The 14-headed hydra barely misses you. The 14-headed hydra bites you!
The 14-headed hydra bites you.
* * * LOW HITPOINT WARNING * * *
The 14-headed hydra bites you.
* * * LOW HITPOINT WARNING * * *
The 14-headed hydra bites you.
* * * LOW HITPOINT WARNING * * *
The 14-headed hydra bites you but does no damage.
Evoke which item? (* to show all) (? for menu, Esc to quit)
Aiming: Thunderbolt
Press: ? - help, Shift-Dir - straight line, f - 14-headed hydra
Aim: a 14-headed hydra (almost dead)
The thunderbolt hits the 14-headed hydra!
You kill the 14-headed hydra!
Your Fighting skill increases to level 9!
Your Armour skill increases to level 9!
Your Evocations skill increases to level 5!
The thunderbolt hits the howler monkey!
The howler monkey is almost dead.
The orc warrior is no longer distracted by gold.
The orc warrior becomes distracted by the nearby gold, dreaming of imaginary riches.
The orc becomes distracted by the nearby gold, dreaming of imaginary riches.
You block the orc's attack.
The orc warrior shouts!
You slice the orc!!
You kill the orc!
You hit the orc.
The howler monkey becomes distracted by the nearby gold, dreaming of imaginary riches.
The kobold throws a stone.
You block the stone. The orc hits you but does no damage.
The howler monkey is no longer distracted by gold.
The orc warrior is no longer distracted by gold.
The howler monkey becomes distracted by the nearby gold, dreaming of imaginary riches.
The kobold becomes distracted by the nearby gold, dreaming of imaginary riches.
The orc warrior hits you with a +0 hand axe!
* * * LOW HITPOINT WARNING * * *
The howler monkey howls!
The kobold shouts!
Items here: $ ( ) [ 26 gold pieces; a +0 ring mail; a +0 dagger; 6 stones You are too injured to fight recklessly!
You are too injured to fight recklessly!
You are too injured to fight recklessly!
You are too injured to fight recklessly!
Your plate armour prevents you from hitting the orc warrior.
You headbutt the orc warrior, but do no damage.
You hit the orc.
You kill the orc!
The orc warrior hits you with a +0 hand axe!
You die...
Your body crumbles into a pile of gold.

### ## ##........ .#
#### #.........
.#####..### #.........
..##......# #.........
#.#.......## #.K.......
#..........####..h......
#.#............#$.......
..#........#$(((@o......
.##........(####$.......
. #.........# ##.......
# #.........[# .[.....
#..........# #......
##)....##### ######
#######


You could see an orc warrior, a howler monkey and a kobold.

Vanquished Creatures
  A hydra (D:11)
  An ugly thing (D:11)
  A centaur zombie (D:10)
  A komodo dragon (D:9)
  2 trolls
  Prince Ribbit (D:7)
  A hornet (D:10)
  Sigmund (D:2)
  8 yaks
  A wraith (D:11)
  A hungry ghost (D:7)
  Duvessa (D:7)
  5 orc warriors
  2 ice beasts
  A black bear (D:8)
  3 sky beasts
  A necrophage (D:10)
  5 phantoms
  5 ogres
  A centaur (D:9)
  2 crocodiles
  2 big kobolds
  4 bullfrogs
  A gnoll sergeant (D:7)
  A scorpion (D:10)
  Dowan (D:7)
  5 killer bees (D:10)
  7 wights (D:6)
  2 howler monkeys
  2 crimson imps
  A hound (D:9)
  A jelly (D:6)
  2 gnoll shamans
  2 centaur skeletons
  Ijyb (D:3)
  3 orc priests
  10 orc wizards
  A bullfrog skeleton (D:5)
  7 iguanas
  6 worker ants
  A killer bee zombie (D:10)
  A hound skeleton (D:9)
  A howler monkey zombie (D:9)
  3 worker ant zombies
  15 adders
  18 gnolls
  3 shadow imps
  An ooze (D:3)
  2 adder zombies
  An adder skeleton (D:9)
  5 worms
  A dart slug (D:1)
  6 leopard geckos
  51 orcs
  4 giant cockroaches
  15 goblins
  2 hobgoblins
  6 jackals
  6 quokkas
  3 ball pythons (D:3)
  8 bats
  4 frilled lizards
  2 jackal zombies (D:5)
  20 kobolds
  A quokka zombie (D:6)
  4 rats
288 creatures vanquished.

Vanquished Creatures (others)
  A jackal (D:3)
  A goblin (D:3)
  2 plants (D:9)
4 creatures vanquished.

Grand Total: 292 creatures vanquished

Notes
Turn   | Place    | Note
-------+----------+-------------------------------------------
     0 | D:1      | EnegeticOcto the Minotaur Fighter began the quest for the
                  | Orb.
     0 | D:1      | Reached XP level 1. HP: 19/19 MP: 0/0
   239 | D:1      | Reached XP level 2. HP: 27/27 MP: 1/1
   320 | D:1      | Reached skill level 3 in Axes
   655 | D:2      | Reached XP level 3. HP: 26/33 MP: 2/2
   743 | D:2      | Noticed Sigmund
   767 | D:2      | Killed Sigmund
   767 | D:2      | Reached skill level 4 in Axes
   767 | D:2      | Reached skill level 1 in Dodging
   767 | D:2      | Reached XP level 4. HP: 16/41 MP: 3/3
   767 | D:2      | Reached XP level 5. HP: 19/47 MP: 4/4
  1738 | D:3      | Noticed Ijyb
  1759 | D:3      | Killed Ijyb
  1759 | D:3      | Reached XP level 6. HP: 28/53 MP: 5/5
  2102 | D:3      | Reached skill level 5 in Axes
  2602 | D:4      | Found an ancient bone altar of Kikubaaqudgha.
  2795 | D:4      | Reached skill level 5 in Armour
  3081 | D:4      | Reached skill level 5 in Fighting
  3241 | D:4      | Found an opulent altar of Gozag.
  3272 | D:4      | Found a shadowy altar of Dithmenos.
  3273 | D:4      | Found a white marble altar of Elyvilon.
  3273 | D:4      | Found a snail-covered altar of Cheibriados.
  3273 | D:4      | Found a glowing silver altar of Zin.
  3273 | D:4      | Found a hide-covered altar of Uskayaw.
  3276 | D:4      | Found a shimmering blue altar of Sif Muna.
  3277 | D:4      | Found a burning altar of Makhleb.
  3278 | D:4      | Found a bloodstained altar of Trog.
  3287 | D:4      | Became a worshipper of Gozag Ym Sagoz the Greedy
  3549 | D:5      | Entered Level 5 of the Dungeon
  3552 | D:5      | Reached skill level 5 in Shields
  3593 | D:5      | Reached XP level 7. HP: 56/61 MP: 6/6
  3670 | D:5      | Reached skill level 6 in Axes
  3865 | D:5      | Found a sparkling altar of Nemelex Xobeh.
  4444 | D:6      | Reached XP level 8. HP: 57/70 MP: 7/7
  4551 | D:6      | Reached skill level 7 in Axes
  4559 | D:6      | Reached skill level 1 in Evocations
  5131 | D:6      | Reached skill level 8 in Axes
  5548 | D:6      | Found a hazy altar of Hepliaklqana.
  5639 | D:7      | Noticed Prince Ribbit
  5646 | D:7      | Reached XP level 9. HP: 46/78 MP: 9/9
  5872 | D:7      | Killed Prince Ribbit
  5872 | D:7      | Reached skill level 5 in Dodging
  6001 | D:7      | Noticed Dowan
  6001 | D:7      | Noticed Duvessa
  6008 | D:7      | Killed Dowan
  6011 | D:7      | Killed Duvessa
  6158 | D:7      | Reached skill level 9 in Axes
  6246 | D:7      | Found a staircase to the Ecumenical Temple.
  7307 | D:9      | Found a staircase to the Lair.
  7308 | D:9      | Noticed a komodo dragon
  7338 | D:9      | Killed a komodo dragon
  7682 | D:9      | Noticed a troll
  7695 | D:9      | Killed a troll
  8002 | D:9      | Reached XP level 10. HP: 88/88 MP: 11/11
  8106 | D:9      | Found a radiant altar of Vehumet.
  8179 | D:9      | Reached skill level 10 in Axes
  8478 | D:10     | Entered Level 10 of the Dungeon
  9314 | D:10     | Reached skill level 11 in Axes
  9681 | D:10     | Bought a +2 broad axe of chopping for 216 gold pieces
  9990 | D:11     | Noticed a white ugly thing
 10000 | D:11     | Killed a white ugly thing
 10000 | D:11     | Reached XP level 11. HP: 63/95 MP: 13/13
 10402 | D:11     | Noticed an eight-headed hydra
 10415 | D:11     | Killed a 14-headed hydra
 10415 | D:11     | Reached skill level 5 in Evocations
 10418 | D:11     | Slain by an orc warrior

Levels and vault maps discovered:
D:1:      scummos_arrival_simple_crosswalls, layout_loops_ring,
          palyth_stone_intersect, nrook_campfire
D:2:      layout_basic, kennysheep_generic_room_13, uniq_sigmund
D:3:      kennysheep_goblin_castle, layout_basic, first_ration
D:4:      layout_cave_pods, kiku_gazebo_pond_becter, minitemple,
          kennysheep_another_room
D:5:      layout_loops_ring, nemelex_xobeh_ov_fountains_minmay,
          kennysheep_decorative_pillar, kennysheep_small_circle
D:6:      layout_gridville, basic_altar
D:7:      layout_rooms, minmay_temple_entry_junction, minmay_door_square,
          uniq_prince_ribbit1, uniq_duvessa
D:8:      layout_loops_ring
D:9:      layout_roguey, vehumet_altar_wand_db, david_lair_shrubbed
D:10:     layout_rooms
D:11:     layout_cave_pods, hiddenorc1_lemuel

Skill      XL: |  1  2  3  4  5  6  7  8  9 10 11 |
---------------+----------------------------------+-----
Axes           | 3 4 5 6 8 9 11 | 11.6
Armour         | 4 5 6 7 8 9 |  9.0
Fighting       | 4 5 6 7 8 9 |  9.0
Dodging        | 1 2 3 4 5 7 |  7.2
Shields        | 4 5 6 7 8 |  8.8
Evocations     | 2 3 4 5 |  5.0

Action                   |  1- 3 |  4- 6 |  7- 9 | 10-12 || total
-------------------------+-------+-------+-------+-------++-------
Melee: War axe           |    69 |   201 |   299 |   155 ||   724
       Headbutt          |    10 |    15 |    52 |    40 ||   117
       Broad axe         |       |       |       |    89 ||    89
Invok: Call Merchant     |       |       |       |     1 ||     1
Evoke: Lightning rod     |       |       |       |     1 ||     1
  Use: Scroll            |       |     8 |     6 |     5 ||    19
       Potion            |       |       |     1 |     1 ||     2
 Stab: Distracted        |       |       |     2 |     4 ||     6
  Eat: Chunk             |       |     8 |       |       ||     8
       Ration            |       |     1 |     6 |     1 ||     8
Armor: Scale mail        |    24 |    86 |    61 |       ||   171
       Plate armour      |       |       |    24 |   114 ||   138
Dodge: Dodged            |    22 |    71 |   128 |    99 ||   320
       Deflected         |       |    13 |     4 |     3 ||    20
Block: Shield            |    40 |   115 |   168 |   133 ||   456
